 Dungeon Crawl Stone Soup version 0.18.1-50-g88ac8fd (webtiles) character file.

123477 Gargoyl the Corrupter of Planes (level 16, -2/139 HPs)
             Began as a Demonspawn Abyssal Knight on Oct 1, 2016.
             Was the Champion of Lugonu.
             Slain by Kirke (10 damage)
             ... on level 14 of the Dungeon.
             The game lasted 01:15:03 (31713 turns).

Gargoyl the Corrupter of Planes (DsAK)             Turns: 31713, Time: 01:15:05

Health: -2/139     AC:  0    Str: 20    XL:     16   Next: 37%
Magic:  21/28      EV: 20    Int: 13    God:    Lugonu [******]
Gold:   174        SH:  4    Dex: 15    Spells: 0 memorised, 15 levels left

rFire  . . .     SeeInvis .     (weapon currently unavailable)
rCold  . . .     Gourm    .     (armour currently unavailable)
rNeg   . . .     Faith    .     (shield currently unavailable)
rPois  .         Spirit   .     (helmet unavailable)
rElec  .         Dismiss  .     (cloak currently unavailable)
rCorr  .         Reflect  +     (gloves currently unavailable)
SustAt .         Harm     .     (boots currently unavailable)
MR     +....                    x - +4 amulet of reflection
Stlth  +.........               (ring currently unavailable)
                                (ring currently unavailable)

@: about to teleport, pig-form (expiring), slowed, glowing, somewhat resistant
to hostile enchantments, very unstealthy
A: (antennae 0), repulsion field 2, agile 1, nightstalker 1, regeneration 1,
robust 1, (spiny 0), wild magic 1, MP-powered wands
a: Depart the Abyss, Bend Space, Banish, Corrupt, Enter the Abyss, Brand Weapon
With Distortion, Renounce Religion


You were on level 14 of the Dungeon.
You worshipped Lugonu.
Lugonu was exalted by your worship.
You were very hungry.
You were a filthy swine.
You visited 3 branches of the dungeon, and saw 25 of its levels.
You visited the Abyss 1 time.
You also visited: Labyrinth.

You collected 2332 gold pieces.
You spent 2158 gold pieces at shops.

Inventory:

Hand Weapons
 K - a +0 broad axe
 L - a +4 war axe of freezing
 O - a +1 hand axe of flaming
 P - a +2 war axe of draining
 R - a +6 broad axe of venom (melded)
Missiles
 g - 6 javelins of returning (quivered)
Armour
 a - a +2 pair of gloves (melded)
 h - a +2 plate armour of cold resistance (melded)
 s - the +5 buckler of Vanity (melded) {rF+}
   (You bought it in a shop on level 2 of the Orcish Mines)

   It protects you from fire.
 E - the +2 cloak of Starlight (melded) {rElec rC+ EV+4 Stlth--}
   (You bought it in a shop on level 2 of the Orcish Mines)

   It affects your evasion (+4).
   It protects you from cold.
   It insulates you from electricity.
   It makes you much less stealthy.
 W - a +1 pair of boots (melded)
Jewellery
 b - an uncursed ring of resist corrosion
 n - a +4 ring of strength (melded)
 x - a +4 amulet of reflection (around neck)
 z - a +4 ring of dexterity (melded)
 G - an uncursed ring of see invisible
 M - an uncursed ring of protection from magic
 N - an uncursed ring of sustain attributes
Wands
 k - a wand of digging (19/24)
 m - a wand of lightning (7/15)
 o - a wand of paralysis (22/24)
 q - a wand of digging (14/24)
 r - a wand of slowing (16/48)
 y - a wand of teleportation (5/9)
 F - a wand of confusion (28/48)
 I - a wand of lightning (10/15)
Scrolls
 e - a scroll of teleportation
 f - 5 scrolls of fog
 A - 3 scrolls of magic mapping
 D - 2 scrolls of remove curse
 Q - 2 scrolls of amnesia
 S - 2 scrolls of recharging
Potions
 c - 2 potions of might
 p - a potion of ambrosia
 t - 2 potions of magic
 v - 2 potions of brilliance
 H - a potion of agility
 J - 3 potions of flight
 T - 2 potions of cure mutation
 U - 5 potions of curing
Books
 l - an Akashic Record

   Spells                             Type                      Level
   a - Dispersal                      Translocation                6
   b - Malign Gateway                 Summoning/Translocation      7
   c - Disjunction                    Translocation                8
   d - Controlled Blink               Translocation                8
Miscellaneous
 d - an ornate deck of defence
Comestibles
 i - 5 beef jerkies
 j - 36 fruits
 u - 13 meat rations
 w - 17 royal jellies
 B - 3 bread rations
 C - 9 slices of pizza


   Skills:
 + Level 11.8 Fighting
 + Level 12.4 Axes
 + Level 1.2 Throwing
 * Level 14.9 Armour
 + Level 5.0 Dodging
 + Level 10.3 Shields
 * Level 16.2 Invocations
 + Level 0.6 Evocations


You had 15 spell levels left.
You didn't know any spells.

Dungeon Overview and Level Annotations

Branches:
Dungeon (15/15)            Temple (0/1) D:6            Lair (8/8) D:8
 Shoals (0/4) Lair:3       Spider (0/4) Lair:5        Slime (0/6) Lair:7
    Orc (2/2) D:10            Elf (0/3) Orc:2
 Vaults: D:13-14     Depths: D:15

Altars:
Ashenzari
Dithmenos
Fedhas
Kikubaaqudgha
Makhleb
Okawaru
Qazlal
Ru
Sif Muna
Zin
The Shining One
Beogh
Jiyva

Shops:
D:5 }   Orc:1 }   Orc:2 [}[[

Annotations:
D:13 Frances
D:15 Kirke
Abyss:1 Snorg


Innate Abilities, Weirdness & Mutations

((You have a pair of large antennae on your head (SInv).))
You are surrounded by a moderate repulsion field (EV +3).
You are slightly more attuned to the shadows.
((You are completely covered in sharp spines.))
You are agile. (Dex +2)
Your natural rate of healing is unusually fast.
You are robust (+10% HP).
Your spells are a little harder to cast, but a little more powerful.
You expend magic power (3 MP) to strengthen your wands.


Message History

* * * LOW HITPOINT WARNING * * *
Something hits you.
* * * LOW HITPOINT WARNING * * *
Something hits you.
* * * LOW HITPOINT WARNING * * *
Read which item? (? for menu, Esc to quit)
As you read the scroll of teleportation, it crumbles to dust.
You feel strangely unstable.
The harpy screeches!
The harpy misses you. The harpy barely misses you. The harpy misses you.
The harpy claws you.
* * * LOW HITPOINT WARNING * * *
The harpy claws you.
* * * LOW HITPOINT WARNING * * *
The harpy claws you!
* * * LOW HITPOINT WARNING * * *
Something hits you!
* * * LOW HITPOINT WARNING * * *
Something hits you!
You die...

#.#.## #.##########...# #.#..#
#............#.# ##.##.#
###############...# ###...#.#
#..........# ##.##
#....#..###.########.#####.###
#....[......#>..<............(
#....#..####.....#.#.#.#.#.###
##....#.# #.{H..........#.# #
#.#.##.# #.h.H.#.#.#.###.# #
#.#.##.# ##....##.).####.# #
#.#.##.# ##.#.###.<.....# #
#.#.##.######.#.# #[#####.# #
#.#........#....# #)# #.# #
#.######.#†.....# #.# #.# #
##.# #.#......###.#####.# #
#<.# #.#..###...........###
#.## #.#>.# ###.#.########.


You could see 2 harpies.

Vanquished Creatures
  Rupert (Orc:1)
  Maud (D:14)
  2 orc warlords
  The ghost of CALLOUS the Crack Shot, a journeyman CeBe of Trog (Orc:2)
  A stone giant (Orc:2)
  A minotaur (Lab)
  Harold (D:11)
  9 hydras
  A centaur warrior (D:14)
  4 catoblepae
  A queen ant (Lair:2)
  20 death yaks
  2 tengu warriors (D:14)
  Urug (D:13)
  4 orc high priests
  5 skeletal warriors (D:14)
  A slime creature (D:13)
  An unseen horror (D:13)
  7 hill giants
  4 orc knights (Orc:2)
  10 ugly things
  A wolf spider zombie (D:14)
  A wolf spider (Lair:5)
  5 orc sorcerers (Orc:2)
  An oklob plant (Lair:4)
  A griffon (Lair:8)
  2 deep elf magi (D:14)
  2 centaur zombies (D:14)
  36 elephants
  2 cyclopes
  6 black mambas
  Joseph (D:7)
  13 spiny frogs
  A centaur skeleton (D:14)
  3 rime drakes
  2 freezing wraiths (D:14)
  16 komodo dragons
  A queen bee (Lair:4)
  A tengu conjurer (D:14)
  4 trolls
  A two-headed ogre (D:8)
  A minotaur skeleton (Lab)
  10 blink frogs
  A spriggan (Lair:7)
  2 shadows
  2 wyverns
  A centaur simulacrum (D:14)
  A vampire (D:12)
  A hog (D:15)
  18 hippogriffs
  76 yaks
  5 vampire mosquitoes (D:12)
  6 basilisks
  Menkaure (D:5)
  9 hungry ghosts
  A steam dragon (Lair:4)
  6 wargs
  A mottled dragon (shapeshifter) (D:14)
  9 soldier ants
  2 mottled dragons
  6 porcupines
  16 water moccasins
  2 hell hounds
  4 phantoms
  35 orc warriors
  7 ice beasts
  3 black bears
  2 eyes of draining
  7 ogres
  A wasp (D:14)
  9 wolves
  8 centaurs
  4 big kobolds
  25 crocodiles
  16 giant frogs
  6 scorpions
  A water moccasin skeleton (D:4)
  33 killer bees
  15 wights
  An electric eel (Lair:3)
  6 crimson imps
  A quasit (D:11)
  3 jellies
  22 orc priests
  13 hounds
  21 orc wizards
  2 giant frog skeletons
  Ijyb (D:3)
  7 iguanas
  36 worker ants
  25 sheep
  3 hound zombies
  17 gnolls
  10 adders
  58 river rats
  3 shadow imps
  12 white imps (Lair:4)
  2 oozes
  An adder zombie (D:8)
  6 worms
  9 giant geckos
  132 orcs
  7 giant cockroaches
  16 goblins
  11 hobgoblins
  11 jackals
  20 kobolds
  8 quokkas
  2 ball pythons
  18 bats
  A giant gecko skeleton (D:5)
  4 giant newts
  2 hobgoblin zombies (D:6)
  2 jackal skeletons
  An orc skeleton (D:6)
  3 orc zombies (D:6)
  A quokka skeleton (D:8)
  24 rats
  4 fungi
  A plant (Lair:8)
1058 creatures vanquished.

Vanquished Creatures (others)
  Nessos (D:12)
  The ghost of imphell the Severer, a journeyman MiBe of Trog (Lab)
  A centaur warrior (D:15)
  2 oklob plants (Lair:2)
  A water moccasin (Lair:2)
  4 centaurs
  A crocodile (Lair:2)
  A crimson imp (D:15)
  An orc wizard (Orc:2)
  A giant newt (D:2)
  A rat (D:2)
  108 fungi
  25 plants
  6 starspawn tentacles (Abyss:1)
  2 starspawn tentacle segments (Abyss:1)
156 creatures vanquished.

Grand Total: 1214 creatures vanquished

Notes
Turn   | Place    | Note
--------------------------------------------------------------
     0 | Abyss:1  | Gargoyl the Demonspawn Abyssal Knight began the quest for the Orb.
     0 | Abyss:1  | Reached XP level 1. HP: 18/18 MP: 2/2
    46 | Abyss:1  | Noticed a tentacled starspawn
    71 | Abyss:1  | Noticed a ynoxinul
    92 | Abyss:1  | Noticed a large abomination
    97 | D:1      | Escaped the Abyss
   233 | D:1      | Reached skill level 1 in Dodging
   433 | D:1      | Gained mutation: You are partially covered in sharp spines. [demonic ancestry]
   433 | D:1      | Reached XP level 2. HP: 20/24 MP: 3/3
   585 | D:1      | Reached * piety under Lugonu
  1272 | D:2      | Reached XP level 3. HP: 22/30 MP: 5/5
  1431 | D:2      | Found a glowing silver altar of Zin.
  1432 | D:2      | Noticed an angel
  1522 | D:2      | Found an ancient bone altar of Kikubaaqudgha.
  1529 | D:2      | Found a deep blue altar of Sif Muna.
  1533 | D:2      | Reached ** piety under Lugonu
  1763 | D:3      | Gained mutation: You are surrounded by a mild repulsion field (EV +2). [demonic ancestry]
  1763 | D:3      | Reached XP level 4. HP: 37/37 MP: 6/6
  1830 | D:3      | Noticed Ijyb
  1841 | D:3      | Killed Ijyb
  2221 | D:3      | Reached skill level 3 in Invocations
  2844 | D:4      | Reached XP level 5. HP: 42/42 MP: 7/7
  3078 | D:4      | Noticed an eye of draining
  3082 | D:4      | Reached *** piety under Lugonu
  3099 | D:4      | Killed an eye of draining
  3099 | D:4      | Reached XP level 6. HP: 28/48 MP: 0/8
  3156 | D:4      | Reached skill level 4 in Invocations
  3419 | D:4      | Reached XP level 7. HP: 39/55 MP: 10/10
  3640 | D:5      | Entered Level 5 of the Dungeon
  3800 | D:5      | Reached **** piety under Lugonu
  4007 | D:5      | Reached skill level 5 in Armour
  4107 | D:5      | Found Jalod's Gadget Shoppe.
  4211 | D:5      | Reached skill level 5 in Fighting
  4234 | D:5      | Reached skill level 5 in Invocations
  4312 | D:5      | Noticed Menkaure
  4338 | D:5      | Killed Menkaure
  4338 | D:5      | Gained mutation: You have a pair of small antennae on your head. [demonic ancestry]
  4338 | D:5      | Reached XP level 8. HP: 38/62 MP: 11/11
  4754 | D:6      | Found a shattered altar of Ashenzari.
  4796 | D:6      | Found an iron altar of Okawaru.
  4801 | D:6      | Reached ***** piety under Lugonu
  5001 | D:6      | Found a staircase to the Ecumenical Temple.
  5022 | D:6      | Found a glowing golden altar of the Shining One.
  5157 | D:6      | Reached skill level 6 in Invocations
  5272 | D:7      | Noticed Joseph
  5289 | D:7      | Killed Joseph
  5294 | D:7      | Gained mutation: You are mostly covered in sharp spines. [demonic ancestry]
  5294 | D:7      | Reached XP level 9. HP: 56/69 MP: 13/13
  5593 | D:7      | Reached skill level 5 in Axes
  5617 | D:7      | Found a burning altar of Makhleb.
  5873 | D:7      | Found a shadowy altar of Dithmenos.
  5941 | D:7      | Reached skill level 7 in Invocations
  6537 | D:8      | Reached ****** piety under Lugonu
  6592 | D:8      | Found a staircase to the Lair.
  6838 | D:8      | Noticed a troll
  6852 | D:8      | Killed a troll
  6852 | D:8      | Reached skill level 8 in Invocations
  6852 | D:8      | Gained mutation: You are slightly more attuned to the shadows. [demonic ancestry]
  6852 | D:8      | Reached XP level 10. HP: 15/77 MP: 14/16
  8077 | D:9      | Noticed a three-headed hydra
  8082 | D:9      | Killed a one-headed hydra
  8082 | D:9      | Reached skill level 10 in Armour
  8171 | D:10     | Entered Level 10 of the Dungeon
  8308 | D:10     | Noticed a hill giant
  8314 | D:10     | Killed a hill giant
  8314 | D:10     | Reached skill level 9 in Invocations
  8369 | D:10     | Noticed a hill giant
  8375 | D:10     | Killed a hill giant
  8382 | D:10     | Noticed a hill giant
  8386 | D:10     | Reached XP level 11. HP: 46/84 MP: 16/18
  8717 | D:10     | Killed a hill giant
  9396 | D:10     | Found a blossoming altar of Fedhas.
  9578 | D:10     | Found a staircase to the Orcish Mines.
  9801 | D:10     | Noticed a hill giant
  9813 | D:10     | Killed a hill giant
 10043 | Lair:1   | Entered Level 1 of the Lair of Beasts
 10852 | Lair:2   | Noticed a queen ant
 11020 | Lair:2   | Found a labyrinth entrance.
 11028 | Lab      | Entered a labyrinth
 11067 | Lab      | Noticed imphell's ghost (journeyman MiBe)
 11076 | Lab      | Banished imphell's ghost
 11076 | Lab      | Reached skill level 10 in Invocations
 11799 | Lab      | Gained mutation: Your spells are a little harder to cast, but a little more powerful. [potion of mutation]
 11799 | Lab      | Gained mutation: You are clumsy. (Dex -2) [potion of mutation]
 11849 | Lab      | Lost mutation: You are clumsy. (Dex -2) [potion of cure mutation]
 11849 | Lab      | Lost mutation: Your spells are a little harder to cast, but a little more powerful. [potion of cure mutation]
 11856 | Lab      | Found an exit through the horrors of the Abyss.
 11954 | Lab      | Noticed a minotaur
 11962 | Lab      | Killed a minotaur
 12370 | Lair:2   | Killed a queen ant
 12394 | Lair:2   | HP: 3/86 [crocodile (3)]
 12400 | Lair:2   | HP: 2/86 [poisoned by a queen ant]
 12407 | Lair:2   | HP: 1/86 [poisoned by a queen ant]
 12415 | Lair:2   | HP: 1/86 [poisoned by a queen ant]
 13055 | Lair:2   | Gained mutation: You are completely covered in sharp spines. [demonic ancestry]
 13055 | Lair:2   | Reached XP level 12. HP: 94/94 MP: 19/19
 13590 | Lair:2   | Reached skill level 1 in Shields
 14242 | Lair:3   | Found a staircase to the Shoals.
 14249 | Lair:3   | Reached skill level 11 in Invocations
 14403 | Lair:3   | Noticed Snorg
 14406 | Lair:3   | Banished Snorg
 15527 | Lair:5   | Noticed a five-headed hydra
 15544 | Lair:5   | Killed a one-headed hydra
 15839 | Lair:4   | Reached skill level 12 in Invocations
 16491 | Lair:4   | Gained mutation: You have a pair of antennae on your head. [demonic ancestry]
 16491 | Lair:4   | Reached XP level 13. HP: 101/101 MP: 22/22
 17073 | Lair:4   | Reached skill level 5 in Shields
 18117 | Lair:5   | Found a hole to the Spider Nest.
 18416 | Lair:4   | Reached skill level 13 in Invocations
 18837 | Lair:6   | Identified the Incunabulum of Vitriolic Conjuration
 19861 | Lair:6   | Gained mutation: You are surrounded by a moderate repulsion field (EV +3). [demonic ancestry]
 19861 | Lair:6   | Reached XP level 14. HP: 82/109 MP: 24/24
 20198 | Lair:7   | Found a viscous altar of Jiyva.
 20198 | Lair:7   | Found a staircase to the Slime Pits.
 21021 | Lair:7   | Reached skill level 10 in Axes
 21126 | Lair:7   | Reached skill level 10 in Fighting
 21210 | Lair:7   | Reached skill level 14 in Invocations
 22324 | Lair:8   | Entered Level 8 of the Lair of Beasts
 23674 | Lair:8   | Reached XP level 15. HP: 88/117 MP: 26/26
 23829 | Lair:8   | Reached skill level 15 in Invocations
 24869 | Orc:1    | Entered Level 1 of the Orcish Mines
 24880 | Orc:1    | Noticed an orc warlord
 25204 | D:10     | Killed an orc warlord
 25583 | Orc:1    | Found a roughly hewn altar of Beogh.
 25807 | Orc:1    | Found Utoy's Gadget Shoppe.
 25882 | Orc:2    | Entered Level 2 of the Orcish Mines
 25957 | Orc:2    | Noticed Rupert
 25997 | Orc:1    | Paralysed by Rupert for 3 turns
 26001 | Orc:1    | Killed Rupert
 26394 | Orc:2    | Noticed CALLOUS's ghost (journeyman CeBe)
 26414 | Orc:2    | Killed CALLOUS's ghost
 27049 | Orc:2    | Noticed an orc warlord
 27071 | Orc:2    | Killed an orc warlord
 27794 | Orc:2    | Found Murph's Armour Emporium.
 27794 | Orc:2    | Found Nepietue's Antique Armour Boutique.
 27796 | Orc:2    | Found Wosmej's Antique Armour Emporium.
 27796 | Orc:2    | Found Osutotipt's Gadget Boutique.
 27804 | Orc:2    | Bought a wand of teleportation (1/9) for 195 gold pieces
 27806 | Orc:2    | Bought the +2 cloak of Starlight {rElec rC+ EV+4 Stlth--} for 1485 gold pieces
 27878 | Orc:2    | Found a staircase to the Elven Halls.
 28109 | D:11     | Noticed Harold
 28121 | D:11     | Killed Harold
 28213 | D:11     | Gained mutation: You are robust (+10% HP). [mutagenic meat]
 28214 | D:11     | Gained mutation: You expend magic power (3 MP) to strengthen your wands. [mutagenic meat]
 28215 | D:11     | Gained mutation: Your natural rate of healing is unusually fast. [mutagenic meat]
 28216 | D:11     | Gained mutation: Scrolls take you a little longer to read. [mutagenic meat]
 28542 | D:11     | Reached skill level 5 in Dodging
 28836 | D:12     | Noticed Nessos
 28848 | D:12     | Killed Nessos
 29071 | D:12     | Gained mutation: Your spells are a little harder to cast, but a little more powerful. [potion of mutation]
 29071 | D:12     | Gained mutation: You are agile. (Dex +2) [potion of mutation]
 29223 | D:12     | Reached skill level 1 in Throwing
 29525 | Orc:2    | Bought the +5 buckler of Vanity {rF+} for 478 gold pieces
 30101 | D:13     | Noticed Urug
 30114 | D:13     | Killed Urug
 30192 | D:13     | Found a stormy altar of Qazlal.
 30383 | D:13     | Noticed Maud
 30384 | D:13     | Noticed Frances
 30434 | D:14     | Reached XP level 16. HP: 62/138 MP: 27/27
 30601 | D:14     | Killed Maud
 30601 | D:14     | Reached skill level 10 in Shields
 30781 | D:14     | Lost mutation: Scrolls take you a little longer to read. [mutagenic meat]
 30782 | D:14     | Gained mutation: You have a pair of large antennae on your head (SInv). [mutagenic meat]
 30873 | D:14     | Reached skill level 16 in Invocations
 30927 | D:14     | Found a sacrificial altar of Ru.
 31682 | D:15     | Entered Level 15 of the Dungeon
 31688 | D:15     | Noticed Kirke
 31713 | D:14     | Slain by Kirke

Skill      XL: |  1  2  3  4  5  6  7  8  9 10 11 12 13 14 15 16 |
---------------+-------------------------------------------------+-----
Dodging        | 1 2 3 4 5 |  5.0
Armour         | 2 3 4 5 6 8 10 11 12 13 14 | 14.9
Fighting       | 4 5 6 7 8 9 10 11 | 11.8
Axes           | 2 3 4 5 6 8 9 10 12 | 12.4
Invocations    | 3 4 5 6 8 9 10 12 13 14 15 16 | 16.2
Shields        | 4 7 8 9 10 | 10.3
Throwing       | 1 |  1.2
Evocations     | |  0.6

Action                   |  1- 3 |  4- 6 |  7- 9 | 10-12 | 13-15 | 16-18 || total
-------------------------+-------+-------+-------+-------+-------+-------++-------
Melee: Hand axe          |    53 |   105 |    21 |    22 |    57 |     4 ||   262
       War axe           |       |       |   259 |   703 |   751 |       ||  1713
       Broad axe         |       |       |       |       |   551 |   223 ||   774
Throw: Javelin           |     6 |       |     3 |     5 |     8 |       ||    22
Invok: Depart the Abyss  |     1 |       |       |       |       |       ||     1
       Banish            |       |       |       |     6 |       |     2 ||     8
       Bend Space        |       |       |       |     1 |     1 |       ||     2
Evoke: Wand              |       |       |       |       |     3 |       ||     3
  Use: Scroll            |       |     9 |     8 |    12 |    19 |     2 ||    50
       Potion            |       |       |     4 |    19 |     3 |     1 ||    27
 Stab: Invisible         |       |       |       |     1 |       |       ||     1
  Eat: Chunk             |     2 |     6 |    12 |    22 |    44 |     9 ||    95
       Bread ration      |       |       |       |     4 |       |       ||     4
       Meat ration       |       |       |       |     3 |       |       ||     3
       Beef jerky        |       |       |       |     1 |     4 |       ||     5
Armor: Ring mail         |    18 |    24 |     3 |       |       |       ||    45
       Plate armour      |       |       |   184 |   386 |   635 |    79 ||  1284
Dodge: Dodged            |    29 |    63 |   138 |   230 |   340 |   108 ||   908
Block: Other             |       |    10 |    61 |    71 |       |     2 ||   144
       Reflection        |       |       |     1 |     7 |    47 |    15 ||    70
       Large shield      |       |       |       |   413 |  1519 |       ||  1932
       Buckler           |       |       |       |       |    86 |   209 ||   295
